[Event "Titled Tuesday Blitz February 21 Late 2023"]
[White "Hirneise, Jens"]
[Black "Koziol, Kamil"]
[WhiteFideId "24614734"]
[BlackFideId "1161555"]
[WhiteElo "2277"]
[BlackElo "2286"]
[Result "1-0"]
[Round "07"]
[TimeControl "180+2"]
[Date "2023.02.21"]
[WhiteClock "0:00:41"]
[BlackClock "0:00:11"]

1. e4 c5 2. Nc3 e6 3. d4 cxd4 4. Qxd4 Nc6 5. Qd2 Bb4 6. a3 Ba5 7. b4 Bc7 8. Bb2 a6 9. f4 d6 10. Nf3 Nf6 11. O-O-O O-O 12. g4 b5 13. g5 Nd7 14. h4 Bb7 15. h5 a5 16. h6 g6 17. Nd5 exd5 18. exd5 axb4 19. dxc6 Bxc6 20. Qd4 f6 21. Bxb5 Bxb5 22. Qd5+ Rf7 23. Qxb5 bxa3 24. Ba1 Rb8 25. Qc4 d5 26. Rxd5 a2 27. Qxa2 Bxf4+ 28. Kd1 Qc7 29. Re1 Nb6 30. Rd4 Rd8 31. gxf6 Kh8 32. Re7 Rdf8 33. Rxc7 1-0


[Site "https://www.chess.com"]

[Event "Titled Tuesday Blitz February 21 Late 2023"]
[White "Stanisz, Patryk"]
[Black "Sarkar, Justin"]
[WhiteFideId "1123106"]
[BlackFideId "2010011"]
[WhiteElo "2161"]
[BlackElo "2309"]
[Result "1/2-1/2"]
[Round "07"]
[TimeControl "180+2"]
[Date "2023.02.21"]
[WhiteClock "0:00:05"]
[BlackClock "0:00:06"]

1. d4 Nf6 2. c4 e6 3. Nc3 Bb4 4. e3 O-O 5. Ne2 d5 6. a3 Be7 7. Nf4 c6 8. Bd3 Re8 9. O-O Nbd7 10. Nh5 dxc4 11. Bxc4 e5 12. Qb3 Rf8 13. Ng3 exd4 14. exd4 Nb6 15. Be2 Be6 16. Qd1 Nbd5 17. Bg5 h6 18. Nxd5 hxg5 19. Nxe7+ Qxe7 20. Qd2 Nd5 21. Ne4 f6 22. Rfe1 Bf5 23. Nc5 Qf7 24. Bd3 Bxd3 25. Qxd3 Rfe8 26. g3 Rad8 27. Qf5 b6 28. Nd3 Ne7 29. Qg4 Qd5 30. Nb4 Qd6 31. Rad1 Nd5 32. Qh5 Rxe1+ 33. Rxe1 Nxb4 34. axb4 Qxd4 35. Re8+ Rxe8 36. Qxe8+ Kh7 37. Qh5+ Kg8 38. Qe8+ Kh7 39. Qh5+ Kg8 40. Qe8+ 1/2-1/2


[Site "https://www.chess.com"]

[Event "Titled Tuesday Blitz February 21 Late 2023"]
[White "Wang, Alexander J"]
[Black "Jenkins, Drake"]
[WhiteFideId "30955270"]
[BlackFideId "2022397"]
[WhiteElo "1815"]
[BlackElo "2130"]
[Result "0-1"]
[Round "07"]
[TimeControl "180+2"]
[Date "2023.02.21"]
[WhiteClock "0:00:24"]
[BlackClock "0:00:06"]

1. e4 c6 2. d4 d5 3. f3 g6 4. Nc3 Bg7 5. Be3 dxe4 6. fxe4 e5 7. d5 Nf6 8. dxc6 Qxd1+ 9. Rxd1 Nxc6 10. Nf3 O-O 11. Bc5 Re8 12. Nb5 Nxe4 13. Nc7 Nxc5 14. Nxe8 e4 15. Nxg7 exf3 16. Ne8 Bf5 17. Nd6 Bxc2 18. Rc1 fxg2 19. Bxg2 Nd3+ 20. Kd2 Nxc1 21. Kxc1 Bd3 22. Nxb7 Rc8 23. Nc5 Nb4 24. a3 Rxc5+ 25. Kd2 Rc2+ 26. Ke3 Rxg2 27. axb4 Bf5 28. Ra1 Rxb2 29. Rxa7 Rb3+ 30. Kf2 Rxb4 31. Kg3 Kg7 32. Ra6 h5 33. Ra3 Be6 34. Ra5 h4+ 35. Kg2 Kf6 36. Ra3 Rb2+ 37. Kg1 g5 38. Rf3+ Kg6 39. Re3 g4 40. Re4 Kg5 41. Ra4 g3 42. hxg3 hxg3 43. Rd4 Bg4 44. Rd3 Kh4 45. Rd8 Rb1+ 46. Kg2 Bh3+ 47. Kf3 Rf1+ 48. Ke2 g2 49. Rh8+ Kg3 50. Rg8+ Kh2 51. Rh8 g1=Q 52. Rxh3+ Kxh3 53. Kd3 Qg4 54. Ke3 Rf3+ 55. Kd2 Qg2+ 56. Ke1 Rf1# 0-1


[Site "https://www.chess.com"]

[Event "Titled Tuesday Blitz February 21 Late 2023"]
[White "Curtis, John"]
[Black "Fajdetic, Hrvoje"]
[WhiteFideId "3200256"]
[BlackFideId "14501945"]
[WhiteElo "2292"]
[BlackElo "2151"]
[Result "1-0"]
[Round "07"]
[TimeControl "180+2"]
[Date "2023.02.21"]
[WhiteClock "0:01:13"]
[BlackClock "0:00:02"]

1. e4 c5 2. Nf3 a6 3. g3 b6 4. Bg2 Bb7 5. Qe2 d6 6. O-O e5 7. c4 Ne7 8. Nc3 Nbc6 9. d3 Nd4 10. Nxd4 cxd4 11. Nb1 f5 12. f4 fxe4 13. Bxe4 Bxe4 14. Qxe4 Ra7 15. fxe5 d5 16. Qf3 Ng6 17. e6 Rc7 18. Nd2 dxc4 19. dxc4 Bc5 20. Ne4 Rf8 21. Bf4 Nxf4 22. gxf4 Qc8 23. f5 1-0


[Site "https://www.chess.com"]

[Event "Titled Tuesday Blitz February 21 Late 2023"]
[White "Magallanes, Rey Jomar"]
[Black "rikchessmx"]
[WhiteFideId "5205948"]
[WhiteElo "2052"]
[BlackElo "2290"]
[Result "0-1"]
[Round "07"]
[TimeControl "180+2"]
[Date "2023.02.21"]
[WhiteClock "0:01:26"]
[BlackClock "0:01:51"]

1. e4 e5 2. Nf3 Nc6 3. Bc4 Bc5 4. d3 d6 5. c3 Qf6 6. a4 a5 7. Nbd2 Nge7 8. O-O h6 9. Re1 Ng6 10. Nf1 Nf4 11. Bxf4 Qxf4 12. Ne3 Ne7 13. d4 Bb6 14. dxe5 dxe5 15. g3 Qf6 16. Nd5 Nxd5 17. exd5 Bg4 18. Kg2 O-O 19. h3 Bxf3+ 20. Qxf3 Qxf3+ 21. Kxf3 Rfe8 22. g4 Kf8 23. Re4 f6 24. Rd1 Ke7 25. Bb3 Kd6 26. c4 Bc5 27. Ba2 g6 28. Bb1 Rf8 29. Ree1 f5 30. Kg3 fxg4 31. Kxg4 Rf4+ 32. Kg3 Bxf2+ 33. Kg2 Bxe1 34. Rxe1 Rxc4 35. Bxg6 Rg8 0-1


[Site "https://www.chess.com"]

[Event "Titled Tuesday Blitz February 21 Late 2023"]
[White "Arvelo Leo, Gian Carlo"]
[Black "Eckert, Doug"]
[WhiteFideId "6402720"]
[BlackFideId "2001993"]
[WhiteElo "2075"]
[BlackElo "2075"]
[Result "0-1"]
[Round "07"]
[TimeControl "180+2"]
[Date "2023.02.21"]
[WhiteClock "0:00:04"]
[BlackClock "0:00:17"]

1. Nf3 d5 2. g3 Nf6 3. Bg2 c5 4. O-O Nc6 5. d4 e6 6. c4 dxc4 7. Ne5 Bd7 8. Na3 cxd4 9. Naxc4 Be7 10. Qb3 Nxe5 11. Nxe5 Rb8 12. Nxd7 Qxd7 13. Bf4 Bd6 14. Bxd6 Qxd6 15. Qa4+ Qd7 16. Qxa7 O-O 17. Rfd1 Rfd8 18. Rd2 Qc7 19. Rxd4 Rxd4 20. Qxd4 Qc2 21. e4 h6 22. Rd1 b5 23. Qd2 Qc4 24. b3 Qc7 25. Qd6 Qxd6 26. Rxd6 b4 27. Ra6 Ng4 28. a4 bxa3 29. Rxa3 Ne5 30. f4 Nd3 31. e5 Nc5 32. Ra8 Rxa8 33. Bxa8 Nxb3 34. Kf2 Kf8 35. Ke3 Ke7 36. g4 g5 37. f5 Nc5 38. Bc6 Na6 39. Kd4 Nc7 40. Be4 exf5 41. gxf5 f6 42. e6 Ne8 43. Bd3 Nd6 44. Ke3 Ne8 45. Kd4 Nd6 46. Kd5 Ne8 47. h3 h5 48. Be2 h4 49. Bg4 Ng7 50. Kc6 Ne8 51. Bh5 Nd6 52. Bg4 Ne4 53. Kd5 Nf2 54. Kd4 Nxg4 55. hxg4 h3 56. Ke3 h2 0-1


[Site "https://www.chess.com"]

[Event "Titled Tuesday Blitz February 21 Late 2023"]
[White "Dias, Joao Batista"]
[Black "Clawitter, Craig"]
[WhiteFideId "2108240"]
[BlackFideId "2023105"]
[WhiteElo "1796"]
[BlackElo "2050"]
[Result "0-1"]
[Round "07"]
[TimeControl "180+2"]
[Date "2023.02.21"]
[WhiteClock "0:01:41"]
[BlackClock "0:01:10"]

1. e4 e6 2. d4 d5 3. Nc3 Bb4 4. a3 Bxc3+ 5. bxc3 Ne7 6. e5 c5 7. Be3 Nbc6 8. f4 Qa5 9. Qd2 Nf5 10. Bf2 cxd4 11. cxd4 Qxd2+ 12. Kxd2 Nfxd4 13. Nf3 Nxf3+ 14. gxf3 g6 15. h4 h5 16. Bc5 Bd7 17. Bd6 Nd4 18. Bg2 Rc8 19. c3 Nb3+ 20. Kd3 Nxa1 21. Rxa1 Bb5+ 22. Kd2 Kd7 23. a4 Ba6 24. Ra3 Rc4 25. Ke3 Rhc8 26. Bb4 R4c6 27. Bh1 Bf1 28. Kf2 Bh3 29. Bg2 Bxg2 30. Kxg2 b6 31. Kf2 a5 32. Bd6 Rxc3 33. Ra2 Rc2+ 0-1


[Site "https://www.chess.com"]

[Event "Titled Tuesday Blitz February 21 Late 2023"]
[White "Jesusesmifuerza"]
[Black "Skaric, Djuro"]
[BlackFideId "934569"]
[WhiteElo "2009"]
[BlackElo "2334"]
[Result "0-1"]
[Round "07"]
[TimeControl "180+2"]
[Date "2023.02.21"]
[WhiteClock "0:00:02"]
[BlackClock "0:01:39"]

1. d4 d6 2. Nc3 g6 3. e4 Bg7 4. Nf3 Nf6 5. Be2 O-O 6. O-O Nc6 7. d5 Ne5 8. Nxe5 dxe5 9. Bc4 Ne8 10. Be3 Nd6 11. Bb3 f5 12. f3 f4 13. Bf2 g5 14. Ne2 h5 15. c4 Rf6 16. c5 Nf7 17. Qc2 Kh7 18. Rad1 Rg6 19. d6 Nh6 20. dxe7 Qxe7 21. c6 b6 22. Rd2 g4 23. Kh1 gxf3 24. gxf3 Bh3 25. Rg1 Rxg1+ 26. Nxg1 Bf1 27. Qd1 Ba6 28. Rd7 Qg5 29. Nh3 Qf6 30. Qg1 Be2 31. Bd1 Bxd1 32. Rxd1 Qxc6 33. Ng5+ Kh8 34. Qg2 Rg8 35. Rg1 Qf6 36. h4 Rd8 37. Ne6 Rg8 38. Ng5 Nf7 39. Nxf7+ Qxf7 40. Qg5 Kh7 41. Kh2 Bh6 42. Qxg8+ Qxg8 43. Rxg8 Kxg8 44. Be1 Kf7 45. Bc3 Ke6 46. Kh3 Bf8 47. Kg2 Bc5 48. Kf1 Bd4 49. Ke2 Bxc3 50. bxc3 Kd6 51. Kd3 Kc5 52. a3 b5 53. Kd2 Kc4 54. Kc2 c5 55. Kb2 Kd3 56. Kb3 a5 0-1


[Site "https://www.chess.com"]

[Event "Titled Tuesday Blitz February 21 Late 2023"]
[White "Hartikainen, Jarmo"]
[Black "Kostiukov, Alexandr"]
[WhiteFideId "503134"]
[BlackFideId "14108100"]
[WhiteElo "2108"]
[BlackElo "2271"]
[Result "0-1"]
[Round "07"]
[TimeControl "180+2"]
[Date "2023.02.21"]
[WhiteClock "0:00:01"]
[BlackClock "0:00:04"]

1. e4 c5 2. c3 g6 3. d4 cxd4 4. cxd4 d5 5. e5 Nc6 6. Be3 Bg7 7. Nc3 Nh6 8. Qb3 Nf5 9. Qxd5 Nfxd4 10. Qxd8+ Kxd8 11. Bxd4 Nxd4 12. O-O-O Bxe5 13. Nf3 Bf4+ 14. Kb1 Bf5+ 15. Bd3 Nxf3 16. Bxf5+ Bd6 17. Be4 Ne5 18. Bxb7 Rb8 19. Bd5 g5 20. Rhe1 f6 21. g3 g4 22. Ne4 f5 23. Nxd6 exd6 24. Be6 Ke7 25. Bxf5 Rhf8 26. Bxg4 Rxf2 27. Re2 Rf6 28. Bh3 a5 29. Bg2 a4 30. a3 h5 31. Bd5 h4 32. Rc1 Rh6 33. Rc7+ Kf6 34. Rf2+ Kg5 35. Rg7+ Rg6 36. Rxg6+ Nxg6 37. gxh4+ Nxh4 38. Bc6 Rc8 39. Bxa4 Rb8 40. Bc2 Kg4 41. b4 Nf3 42. Kb2 d5 43. Bd1 Re8 44. Bxf3+ Kg5 0-1


[Site "https://www.chess.com"]

[Event "Titled Tuesday Blitz February 21 Late 2023"]
[White "Sabar, Ethmane Daouda"]
[Black "Roman, Rodrigo"]
[WhiteFideId "19600097"]
[BlackFideId "3701220"]
[WhiteElo "2040"]
[BlackElo "2058"]
[Result "1-0"]
[Round "07"]
[TimeControl "180+2"]
[Date "2023.02.21"]
[WhiteClock "0:01:39"]
[BlackClock "0:02:16"]

1. b3 e5 2. Bb2 Nc6 3. e3 Nf6 4. Bb5 d6 5. d4 exd4 6. Qxd4 Bd7 7. Bxc6 Bxc6 8. Nf3 Be7 9. Nc3 Qd7 10. O-O-O O-O-O 11. Kb1 Qg4 12. Qxa7 Qxg2 13. Nd4 Nd5 14. Ncb5 Nb6 15. Rhg1 Qe4 16. f3 Qd5 17. e4 Qc5 18. Ba3 1-0


[Site "https://www.chess.com"]

[Event "Titled Tuesday Blitz February 21 Late 2023"]
[White "Michalski, Olaf"]
[Black "Chabris, Christopher"]
[WhiteFideId "1106740"]
[BlackFideId "2005263"]
[WhiteElo "2273"]
[BlackElo "2053"]
[Result "1-0"]
[Round "07"]
[TimeControl "180+2"]
[Date "2023.02.21"]
[WhiteClock "0:00:01"]
[BlackClock "0:00:06"]

1. d4 Nf6 2. c4 e6 3. Nf3 Bb4+ 4. Nbd2 O-O 5. e3 d5 6. a3 Bxd2+ 7. Bxd2 b6 8. Bd3 Bb7 9. O-O Nbd7 10. Qc2 c5 11. cxd5 exd5 12. Rfd1 Re8 13. Rac1 c4 14. Bf5 g6 15. Bh3 Ne4 16. Be1 f5 17. b3 b5 18. bxc4 bxc4 19. Qa4 Qc7 20. Rb1 Bc6 21. Qa6 c3 22. Rdc1 Rab8 23. Rxb8 Rxb8 24. g4 Rb6 25. Qa5 Qb7 26. gxf5 Rb1 27. Rxb1 Qxb1 28. Qd8+ Nf8 29. fxg6 hxg6 30. Be6+ Kg7 31. Qe7+ Kh6 32. Qxf8+ Kh5 33. Qh8# 1-0


[Site "https://www.chess.com"]

[Event "Titled Tuesday Blitz February 21 Late 2023"]
[White "Lopez Perdomo, Juan David"]
[Black "Better_Chess_Faster"]
[WhiteFideId "4405137"]
[WhiteElo "2029"]
[BlackElo "1982"]
[Result "0-1"]
[Round "07"]
[TimeControl "180+2"]
[Date "2023.02.21"]
[WhiteClock "0:00:36"]
[BlackClock "0:01:22"]

1. e4 d6 2. d4 Nf6 3. f3 c5 4. c3 e6 5. Be3 Be7 6. Bd3 Nc6 7. Ne2 O-O 8. O-O b6 9. g4 Bb7 10. Ng3 d5 11. e5 Nd7 12. Qc2 g6 13. Bh6 cxd4 14. Bxf8 Nxf8 15. f4 Rc8 16. Qe2 dxc3 17. Nxc3 Bc5+ 18. Kh1 Nb4 19. Bb1 d4+ 20. Nce4 d3 21. Qd2 Qd5 22. a3 Qxe4+ 23. Nxe4 Bxe4+ 24. Qg2 Bxg2+ 25. Kxg2 Nc2 26. Bxc2 dxc2 27. Rfe1 Bd4 28. Rec1 Bxb2 29. Kf2 Bxa1 30. Rxa1 c1=Q 31. Rxc1 Rxc1 0-1


[Site "https://www.chess.com"]

[Event "Titled Tuesday Blitz February 21 Late 2023"]
[White "Kohler, Aran"]
[Black "Gamboa, Juan Pablo"]
[WhiteFideId "1002856"]
[BlackFideId "105180"]
[WhiteElo "2010"]
[BlackElo "2224"]
[Result "0-1"]
[Round "07"]
[TimeControl "180+2"]
[Date "2023.02.21"]
[WhiteClock "0:00:06"]
[BlackClock "0:00:27"]

1. d4 e6 2. Nf3 c5 3. c3 f5 4. Bf4 Nf6 5. e3 Be7 6. h3 O-O 7. Nbd2 b6 8. Bd3 Ba6 9. Bc2 cxd4 10. exd4 Nd5 11. Bh2 Nc6 12. a3 Bh4 13. c4 Ne3 14. Qb1 Nxc4 15. Nxc4 Bxc4 16. Bd6 Be7 17. Bf4 d6 18. Bd3 Bd5 19. Be2 Bf6 20. Qd1 e5 21. dxe5 dxe5 22. Be3 Bxf3 23. Bxf3 e4 24. Qxd8 Rfxd8 25. Be2 Bxb2 26. Ra2 Bc3+ 27. Kf1 Nd4 28. Bxd4 Rxd4 29. g3 Rad8 30. Kg2 Rd2 31. Bc4+ Kf8 32. Rxd2 Rxd2 33. Rf1 Bd4 34. a4 e3 35. Kf3 Rxf2+ 36. Rxf2 exf2 37. Ke2 Ke7 38. Bd3 g6 39. g4 Kf6 40. gxf5 gxf5 41. Kf1 f4 42. Kg2 Kg5 43. Kf3 Kh4 44. Kg2 f3+ 45. Kxf3 Kxh3 46. Bf1+ Kh2 47. Ke2 Kg1 48. Bh3 h5 49. Bf1 h4 50. Bh3 Kh2 51. Bf1 Kg3 52. Kd3 h3 53. Ke2 h2 54. Kd3 h1=Q 0-1


[Site "https://www.chess.com"]

[Event "Titled Tuesday Blitz February 21 Late 2023"]
[White "Vargas, Mauricio"]
[Black "Gamage, Wanshini Vidusama"]
[WhiteFideId "4404572"]
[BlackFideId "9953752"]
[WhiteElo "2035"]
[BlackElo "1089"]
[Result "0-1"]
[Round "07"]
[TimeControl "180+2"]
[Date "2023.02.21"]
[WhiteClock "0:00:02"]
[BlackClock "0:01:20"]

1. e4 c5 2. Nf3 Nc6 3. d4 cxd4 4. Nxd4 Nf6 5. Nc3 e5 6. Nf5 d5 7. Ng3 d4 8. Nb1 Bg4 9. f3 Be6 10. Bb5 Qb6 11. Bd3 h5 12. Nf5 Bxf5 13. exf5 Bb4+ 14. Nd2 Nd5 15. O-O Ne3 16. Qe1 Nxf1 17. Qxf1 Ne7 18. a3 Bd6 19. Bb5+ Kf8 20. Bd3 Nd5 21. Nc4 Qc7 22. Nd2 Ne3 23. Qe1 Nxc2 24. Bxc2 Qxc2 25. Ne4 Qc7 26. Qh4 d3 27. f6 g6 28. a4 Rc8 29. b3 Bc5+ 30. Nxc5 Qxc5+ 0-1


[Site "https://www.chess.com"]

[Event "Titled Tuesday Blitz February 21 Late 2023"]
[White "Oliveira, Tiago Batista"]
[Black "Pein, Jonathan"]
[WhiteFideId "2108291"]
[BlackFideId "417092"]
[WhiteElo "1991"]
[BlackElo "2265"]
[Result "0-1"]
[Round "07"]
[TimeControl "180+2"]
[Date "2023.02.21"]
[WhiteClock "0:00:32"]
[BlackClock "0:01:07"]

1. d4 d5 2. c4 Nc6 3. Nf3 Nf6 4. g3 dxc4 5. Bg2 Bg4 6. Qa4 e6 7. e3 Qd5 8. Nbd2 O-O-O 9. O-O Qa5 10. Qxc4 Be7 11. a3 Kb8 12. Ra2 Qd5 13. b4 Rhe8 14. Rc2 Qxc4 15. Nxc4 Bf5 16. Rb2 Bd3 17. Nce5 Nxe5 18. Nxe5 Bxf1 19. Bxf1 Rf8 20. a4 Nd7 21. Nd3 Bf6 22. Rc2 e5 23. dxe5 Nxe5 24. Nc5 Nd7 25. Ne4 Be7 26. b5 Nf6 27. Bg2 Rd1+ 0-1


[Site "https://www.chess.com"]

[Event "Titled Tuesday Blitz February 21 Late 2023"]
[White "Desideri, Ricardo Maruchi"]
[Black "Melikhov, Evgeny V."]
[WhiteFideId "2110440"]
[BlackFideId "4122046"]
[WhiteElo "1959"]
[BlackElo "2269"]
[Result "1-0"]
[Round "07"]
[TimeControl "180+2"]
[Date "2023.02.21"]
[WhiteClock "0:00:15"]
[BlackClock "0:00:43"]

1. e4 c5 2. Nf3 d6 3. d4 cxd4 4. Nxd4 Nf6 5. Nc3 a6 6. Rg1 e6 7. g4 Nfd7 8. Be3 Qc7 9. Qd2 Nc6 10. f4 Nxd4 11. Bxd4 b5 12. a3 Nb6 13. O-O-O Nc4 14. Bxc4 bxc4 15. f5 Bb7 16. fxe6 fxe6 17. Qg5 e5 18. Be3 h6 19. Qh5+ Qf7 20. Qh3 Qe6 21. Nd5 Bxd5 22. exd5 Qg6 23. Bb6 Be7 24. Rgf1 Bf6 25. Bc7 O-O 26. Kb1 Bg5 27. Rf5 Bf4 28. Rf1 Rxf5 29. gxf5 Qf7 30. Bxd6 Qxd5 31. Bb4 a5 32. Bc3 a4 33. Qg4 Ra7 34. f6 g5 35. Qf5 Qf7 36. Bxe5 Bxe5 37. Qxe5 Rb7 38. Re1 Kh7 39. Qf5+ Kg8 40. Qc8+ Kh7 41. Qf5+ Kg8 42. Qc8+ Kh7 43. Qxb7 Qxb7 44. Re7+ Kg6 45. Rxb7 Kxf6 46. Rb4 g4 47. Rxc4 h5 48. Rxa4 Kf5 49. Rc4 h4 50. a4 g3 51. hxg3 hxg3 52. Rc8 g2 53. Rg8 1-0


[Site "https://www.chess.com"]

[Event "Titled Tuesday Blitz February 21 Late 2023"]
[White "Paravyan, David"]
[Black "Tabatabaei, M. Amin"]
[WhiteFideId "4194985"]
[BlackFideId "12521213"]
[WhiteElo "2601"]
[BlackElo "2677"]
[Result "0-1"]
[Round "08"]
[TimeControl "180+2"]
[Date "2023.02.21"]
[WhiteClock "0:00:05"]
[BlackClock "0:00:13"]

1. e4 c6 2. d4 d5 3. e5 Bf5 4. Nf3 e6 5. Be2 Bb4+ 6. Nbd2 Ba5 7. O-O Nd7 8. Nb3 Bc7 9. Be3 f6 10. Nh4 fxe5 11. Nxf5 exf5 12. dxe5 Bxe5 13. c4 Ngf6 14. cxd5 Nxd5 15. Bc4 Qh4 16. Re1 Bxh2+ 17. Kh1 Bf4+ 18. Kg1 Bxe3 19. Qc2 O-O-O 20. Bxd5 Bxf2+ 21. Qxf2 Qxf2+ 22. Kxf2 cxd5 23. Rac1+ Kb8 24. Re7 g6 25. Nd4 Rc8 26. Rxc8+ Kxc8 27. Kg3 a6 28. Kf4 Kd8 29. Re3 Re8 30. Ne6+ Kc8 31. Rc3+ Kb8 32. Ng5 h6 33. Nf7 Re4+ 34. Kg3 h5 35. Nd6 Re6 36. Rc8+ Ka7 37. Ne8 d4 38. Rd8 Nc5 39. Nd6 Rxd6 0-1


[Site "https://www.chess.com"]

[Event "Titled Tuesday Blitz February 21 Late 2023"]
[White "Bluebaum, Matthias"]
[Black "Andreikin, Dmitry"]
[WhiteFideId "24651516"]
[BlackFideId "4158814"]
[WhiteElo "2669"]
[BlackElo "2729"]
[Result "1/2-1/2"]
[Round "08"]
[TimeControl "180+2"]
[Date "2023.02.21"]
[WhiteClock "0:00:06"]
[BlackClock "0:00:03"]

1. d4 d5 2. c4 e6 3. Nc3 a6 4. cxd5 exd5 5. Bf4 Nf6 6. e3 Bd6 7. Bxd6 Qxd6 8. Bd3 O-O 9. Nge2 Bg4 10. f3 Bh5 11. Qd2 c5 12. dxc5 Qxc5 13. Nf4 Nc6 14. Rc1 d4 15. Ncd5 dxe3 16. Nxf6+ gxf6 17. Rxc5 exd2+ 18. Kxd2 Bg6 19. Nxg6 hxg6 20. Be4 Rad8+ 21. Kc3 Rfe8 22. Bxc6 bxc6 23. Rxc6 Re3+ 24. Kc2 Re2+ 25. Kc3 Rxg2 26. Rc1 Rf2 27. Kb3 Rb8+ 28. Ka4 Rbxb2 29. a3 Rxf3 30. Rxa6 Rxh2 31. Rb6 Kg7 32. Rb4 Ra2 33. Rb3 Rxb3 34. Kxb3 Re2 35. a4 g5 36. a5 Kg6 37. a6 Re8 38. a7 Ra8 39. Ra1 g4 40. Kc4 Kg5 41. Kd5 g3 42. Ke4 Kg4 43. Ke3 Re8+ 44. Kd3 g2 45. a8=Q Rxa8 46. Rxa8 Kf3 47. Rg8 f5 48. Kd4 f6 49. Kd5 f4 50. Ke6 Kf2 51. Kf5 f3 52. Ke4 Ke2 53. Rg3 f2 54. Rxg2 Ke1 55. Rxf2 Kxf2 56. Kf5 Ke3 57. Kxf6 1/2-1/2


[Site "https://www.chess.com"]

[Event "Titled Tuesday Blitz February 21 Late 2023"]
[White "Bortnyk, Mykola"]
[Black "Nakamura, Hikaru"]
[WhiteFideId "14120836"]
[BlackFideId "2016192"]
[WhiteElo "2425"]
[BlackElo "2775"]
[Result "1/2-1/2"]
[Round "08"]
[TimeControl "180+2"]
[Date "2023.02.21"]
[WhiteClock "0:00:17"]
[BlackClock "0:00:24"]

1. e4 d6 2. d4 f5 3. Nc3 Nf6 4. Bd3 fxe4 5. Nxe4 g6 6. h4 d5 7. Nxf6+ exf6 8. h5 g5 9. Be3 c6 10. h6 Be6 11. Qe2 Kd7 12. O-O-O Bd6 13. Qd2 Na6 14. c3 Qf8 15. f4 gxf4 16. Bxf4 Nc7 17. Rf1 Ne8 18. Ne2 Kc7 19. Bxd6+ Nxd6 20. Qf4 f5 21. Qe5 Bd7 22. Nf4 Re8 23. Qg7 Rg8 24. Qxh7 Re7 25. Qg6 Rxg6 26. Nxg6 Qf6 27. Nxe7 Qxe7 28. h7 Qg5+ 29. Kb1 Nf7 30. h8=Q Nxh8 31. Rxh8 Qxg2 32. Rh7 Kd6 33. Rfh1 f4 34. R1h6+ Be6 35. Bf5 Qf1+ 36. Kc2 Qe2+ 37. Kb3 Qb5+ 38. Kc2 Qe2+ 39. Kb3 Qb5+ 40. Kc2 Qe2+ 1/2-1/2


[Site "https://www.chess.com"]

[Event "Titled Tuesday Blitz February 21 Late 2023"]
[White "Vachier-Lagrave, Maxime"]
[Black "Sjugirov, Sanan"]
[WhiteFideId "623539"]
[BlackFideId "4189302"]
[WhiteElo "2742"]
[BlackElo "2712"]
[Result "1-0"]
[Round "08"]
[TimeControl "180+2"]
[Date "2023.02.21"]
[WhiteClock "0:00:09"]
[BlackClock "0:00:01"]

1. d4 Nf6 2. c4 e6 3. Nc3 d5 4. Nf3 c6 5. Bg5 Nbd7 6. e3 Be7 7. Qc2 h6 8. Bf4 dxc4 9. Bxc4 b5 10. Bd3 Bb7 11. O-O Rc8 12. Rac1 O-O 13. Rfd1 b4 14. Ne4 c5 15. dxc5 Qa5 16. Nd6 Bxd6 17. Bxd6 Rfe8 18. Nd4 Qxa2 19. Bb5 a6 20. Bxd7 Nxd7 21. c6 Nf6 22. cxb7 Rxc2 23. Rxc2 Qd5 24. b8=Q Rxb8 25. Bxb8 e5 26. Bxe5 Qxe5 27. h3 a5 28. b3 Kh7 29. Ra2 Ne4 30. Rda1 Qf6 31. f3 Nc3 32. Rxa5 Qe7 33. Re1 Qh4 34. Raa1 Qg5 35. Kh2 Nd5 36. f4 Qe7 37. Nf3 Qe4 38. Rad1 Nxe3 39. Rd4 Qe6 40. Rd3 Ng4+ 41. hxg4 Qxg4 42. Re4 Qf5 43. Rde3 Qh5+ 44. Kg1 Qc5 45. Kh2 Qh5+ 46. Kg3 Qc5 47. Kf2 Qc2+ 48. Kf1 Qc5 49. g3 Qc1+ 50. Kg2 Qc2+ 51. Kh3 Qc8+ 52. g4 Qc5 53. Kg3 Qb6 54. Rd3 Qc5 55. Rc4 Qb6 56. Rdd4 Qf6 57. Rxb4 g5 58. fxg5 hxg5 59. Rb5 Qe7 60. Rf5 f6 61. Rc4 Qd6+ 62. Kh3 Kg6 63. b4 Qd3 64. Rc6 Qf1+ 65. Kg3 Kg7 66. Rcxf6 Qe2 67. b5 Qe4 68. b6 Qb4 69. b7 Qxb7 70. Rf7+ 1-0


[Site "https://www.chess.com"]

[Event "Titled Tuesday Blitz February 21 Late 2023"]
[White "Babazada, Khazar"]
[Black "Ibarra Jerez, Jose Carlos"]
[WhiteFideId "13413554"]
[BlackFideId "2226332"]
[WhiteElo "2474"]
[BlackElo "2563"]
[Result "1-0"]
[Round "08"]
[TimeControl "180+2"]
[Date "2023.02.21"]
[WhiteClock "0:00:15"]
[BlackClock "0:00:02"]

1. Nf3 d6 2. g3 Nf6 3. Bg2 g6 4. O-O Bg7 5. d3 O-O 6. Nbd2 c5 7. e4 Nc6 8. a3 Rb8 9. Rb1 b5 10. b4 a5 11. bxc5 dxc5 12. Bb2 Qc7 13. Re1 Rd8 14. e5 Nd5 15. Qe2 Nd4 16. Nxd4 cxd4 17. Bxd4 Nc3 18. Bxc3 Qxc3 19. a4 Qxc2 20. axb5 Bf5 21. Be4 Bxe4 22. Nxe4 Qxe2 23. Rxe2 Bxe5 24. b6 Rxd3 25. Nc5 Rd5 26. Rxe5 Rxb6 27. Rxd5 Rxb1+ 28. Kg2 Rb5 29. Rd8+ Kg7 30. Nd3 Rb3 31. Nf4 Rb5 32. Ra8 e6 33. Ne2 Rc5 34. Nd4 Rc4 35. Nf3 a4 36. Ne5 Rb4 37. Nd3 Rd4 38. Nb2 Rd2 39. Nxa4 Ra2 40. Nb6 Rb2 41. Nc4 Rc2 42. Ne5 Kf6 43. Ng4+ Kg7 44. Ra7 Rc5 45. f4 Kf8 46. Ne5 Rc2+ 47. Kh3 f5 48. Rxh7 Kg8 49. Ra7 Re2 50. Nxg6 e5 51. Nxe5 Rc2 52. Kh4 Rxh2+ 53. Kg5 Rb2 54. Ra3 Ra2 55. Rxa2 1-0


[Site "https://www.chess.com"]

[Event "Titled Tuesday Blitz February 21 Late 2023"]
[White "Makarian, Rudik"]
[Black "Vasquez Schroeder, Rodrigo"]
[WhiteFideId "44105681"]
[BlackFideId "3400042"]
[WhiteElo "2545"]
[BlackElo "2524"]
[Result "0-1"]
[Round "08"]
[TimeControl "180+2"]
[Date "2023.02.21"]
[WhiteClock "0:00:01"]
[BlackClock "0:00:49"]

1. d4 d5 2. c4 c6 3. Nf3 Nf6 4. Nc3 e6 5. Bg5 dxc4 6. e4 b5 7. e5 h6 8. Bh4 g5 9. Nxg5 hxg5 10. Bxg5 Nbd7 11. g3 Bb7 12. Bg2 Qb6 13. exf6 c5 14. d5 O-O-O 15. O-O b4 16. Rb1 Qa6 17. dxe6 Bxg2 18. e7 Bxf1 19. Kxf1 Qc6 20. Qd5 Qxd5 21. exd8=Q+ Kxd8 22. Nxd5 Rxh2 23. Kg1 Rh5 24. f4 Nb6 25. Ne3 Bh6 26. Rd1+ Kc7 27. g4 Rxg5 28. fxg5 Bxg5 29. Kf2 Kc6 30. b3 c3 31. Ke2 Bxf6 32. Rf1 Nd7 33. Nc4 Bg5 34. Kd3 f6 35. Re1 Kd5 36. Re7 Ne5+ 37. Nxe5 fxe5 38. Rd7+ Ke6 39. Rxa7 e4+ 40. Kc2 e3 41. Ra6+ Ke5 42. Ra8 Ke4 43. a4 Bf4 44. Re8+ Be5 45. Kd1 c4 46. a5 cxb3 47. a6 c2+ 48. Kc1 e2 49. Kd2 e1=Q+ 0-1


[Site "https://www.chess.com"]